Map: Dusk Towers

Players

ArtistSniper

  • Race: Protoss Protoss
  • League: Diamond

ReacH - Winner!

  • Race: Protoss Protoss
  • League: Diamond

VOD

Have the link to the VOD?

Description

Time

  • Played on: March 22, 2016, 8:33 p.m.
  • Length: 6:12
Show
View Real Time Build Order
Export as new Build Order

ArtistSniper Protoss 

Build Orders:  

Get SALT Encoding   

  12  0:02  Probe (Chrono Boost)  
  13  0:13  Pylon  
  13  0:18  Probe (Chrono Boost)  
  14  0:32  Gateway  
  14  0:35  Probe (Chrono Boost)  
  15  0:43  Assimilator  
  15  0:54  Forge  
  16  0:57  Probe (Chrono Boost)  
  16  1:08  Probe (Chrono Boost)  
  17  1:18  Probe (Chrono Boost)  
  18  1:23  Pylon  
  18  1:31  Probe (Chrono Boost)  
  19  1:41  Probe (Chrono Boost)  
  19  1:44  Photon Cannon  
  20  1:55  Probe (Chrono Boost)  
  20  1:58  Cybernetics Core  
  21  2:03  Photon Cannon  
  21  2:05  Probe (Chrono Boost)  
  22  2:10  Photon Cannon  
  22  2:20  Probe (Chrono Boost)  
  23  2:22  Assimilator  
  23  2:43  Probe (Chrono Boost)  
  23  2:46  Warp Gate (Chrono Boost)  
  23  2:48  Stalker  
  25  2:55  Probe  
  26  3:11  Mothership Core  
  28  3:18  Pylon  
  27  3:30  Gateway  
  27  3:37  Stalker  
  27  3:40  Pylon  
  29  3:41  Gateway  
  29  3:43  Twilight Council  
  29  3:44  Probe  
  30  4:02  Pylon  
  30  4:12  Stalker, Pylon  
  32  4:19  Gateway  
  31  4:37  Mothership Core  
  31  4:45  Stalker x2  
  31  5:08  Probe  
  32  5:20  Probe  
  33  5:22  Pylon  
  33  5:23  Pylon  
  33  5:44  Zealot  
  33  5:47  Pylon  
  33  5:48  Pylon  
  27  6:08  Stalker  
  27  6:09  Stalker x2  
Show
View Real Time Build Order
Export as new Build Order

ReacH Protoss - Winner!

Build Orders:  

Get SALT Encoding   

  12  0:01  Probe (Chrono Boost)  
  13  0:11  Probe (Chrono Boost)  
  14  0:18  Pylon  
  14  0:22  Probe (Chrono Boost)  
  15  0:36  Probe (Chrono Boost)  
  15  0:38  Gateway  
  16  0:45  Assimilator  
  16  0:47  Probe (Chrono Boost)  
  17  0:58  Probe (Chrono Boost)  
  18  1:08  Probe (Chrono Boost)  
  19  1:19  Gateway, Probe (Chrono Boost)  
  20  1:27  Cybernetics Core  
  20  1:29  Probe (Chrono Boost)  
  20  1:32  Assimilator  
  21  1:40  Probe (Chrono Boost)  
  22  1:51  Probe (Chrono Boost)  
  22  1:53  Pylon  
  23  1:56  Pylon  
  23  2:12  Mothership Core (Chrono Boost)  
  25  2:26  Pylon  
  25  2:29  Stalker x2  
  29  2:30  Probe (Chrono Boost)  
  30  2:41  Probe (Chrono Boost)  
  31  2:45  Warp Gate (Chrono Boost)  
  31  2:51  Probe  
  31  2:58  Pylon  
  32  3:04  Probe  
  33  3:07  Stalker x2  
  37  3:16  Pylon  
  36  3:36  Gateway x2  
  36  3:53  Nexus  
  36  4:15  Pylon  
  36  4:38  Stalker x4  
  44  5:06  Sentry, Stalker  
  48  5:07  Stalker x2  
  50  5:29  Stalker  
  50  5:30  Stalker x3  
  50  5:31  Probe x2  
  60  5:43  Probe  
  61  5:57  Stalker x2  
  61  5:58  Stalker x2  
Tags
 
Add a new tag
Caveats
  • Supply blocks, unpowered buildings, or Contaminate may cause inaccurate times.
  • Supply counts are checked every 10 seconds.